 Dungeon Crawl Stone Soup version 0.29-a0-834-g1e95ca9f62 (webtiles) character file.

Game seed: 18292332402038393849

138 buhh the Ruffian (level 5, 0/49 HPs)
             Began as a Naga Transmuter on July 13, 2022.
             Slain by a scorpion (5 damage)
             ... on level 3 of the Dungeon.
             The game lasted 00:04:09 (3604 turns).

buhh the Ruffian (Naga Transmuter)                  Turns: 3604, Time: 00:04:10

Health: 0/49       AC:  4    Str: 12    XL:     5   Next: 21%
Magic:  8/8        EV:  9    Int: 16    God:
Gold:   108        SH:  0    Dex: 11    Spells: 5/8 levels left

rFire   . . .      SeeInvis +     - Unarmed
rCold   . . .      Faith    .   (no shield)
rNeg    . . .      Spirit   .   b - +2 robe
rPois   +          Reflect  .   (helmet currently unavailable)
rElec   .          Harm     .   (no cloak)
rCorr   .          Rampage  .   (no gloves)
Will    +....                   (no barding)
Stlth   +.........              (no amulet)
HPRegen 0.16/turn               k - ring of willpower
MPRegen 0.11/turn               (no ring)

@: confused, lethally poisoned (0 -> -6), short of breath, appendages
(expiring), ambrosia-drunk, hasted, quick
A: horns 2, AC +1, large, see invisible, deformed body, poison resistance,
slowness 2, spit poison 1, naga tail 1
a: Spit Poison, End Transformation


You were on level 3 of the Dungeon.
You had temporarily grown beastly horns.
You visited 1 branch of the dungeon, and saw 3 of its levels.

You collected 108 gold pieces.

Inventory:

Armour
 b - a +2 robe (worn)
Jewellery
 k - a ring of willpower (left hand)
Scrolls
 a - 3 scrolls of identify {!d}
 d - a scroll of magic mapping {!d}
 h - a scroll of enchant armour
 i - a scroll of teleportation {unknown}
 j - a scroll of fear {unknown}
Potions
 c - a potion of curing {unknown}
 e - a potion of flight {unknown}
 g - a potion of degeneration {unknown}
 l - a potion of berserk rage {unknown}
 y - a potion of haste {!q}


   Skills:
 + Level 3.4 Fighting
 - Level 1.5 Dodging
 + Level 4.4 Unarmed Combat
 - Level 2.0 Spellcasting
 - Level 2.0 Transmutations
 * Level 0.5 Poison Magic


You had 5 spell levels left.
You knew the following spells:

 Your Spells              Type           Power      Damage    Failure   Level
a - Beastly Appendage     Tmut           16%        N/A       9%          1
b - Wereblood             Tmut           8%         N/A       14%         2

Your spell library contained the following spells:

 Spells                   Type           Power      Damage    Failure   Level
 Sting                    Tmut/Pois      20%        1d4       12%         1
 Foxfire                  Conj/Fire      4%         2x1d4     21%         1
 Poisonous Vapours        Pois/Air       4%         N/A       28%         2
 Ensorcelled Hibernation  Hex/Ice        2%         N/A       30%         2
 Spider Form              Tmut/Pois      5%         N/A       36%         3
 Conjure Flame            Conj/Fire      1%         6-21      52%         3
 Gell's Gravitas          Tloc           1%         N/A       52%         3
 Inner Flame              Hex/Fire       1%         N/A       52%         3
 Teleport Other           Tloc           1%         N/A       52%         3
 Ice Form                 Ice/Tmut       4%         N/A       80%         4
 Olgreb's Toxic Radiance  Pois           3%         N/A       86%         4
 Anguish                  Hex/Necr       0%         N/A       90%         4
 Flame Wave               Conj/Fire      1%         2d4       90%         4
 Dispersal                Tloc           0%         N/A       100%        6


Dungeon Overview and Level Annotations

Branches:
Dungeon (3/15) Zot: 13628

Altars:
Elyvilon

Shops:
D:3 *

Annotations:
D:3 exclusion: jelly


Innate Abilities, Weirdness & Mutations

You have temporarily grown beastly horns.
Your serpentine skin is tough. (AC +1)
You have supernaturally acute eyesight. (SInv)
Armour fits poorly on your strangely shaped body.
Your system is resistant to poisons. (rPois)
You cover ground very slowly.
You can spit poison.
You have a snake-like lower body.


Message History

You grow a pair of large bovine horns.
You feel very sick. The scorpion stings you.
You are more poisoned.
The scorpion poisons you!
Your magical contamination has completely faded away.
You barely miss the scorpion. You headbutt the scorpion.
The scorpion is moderately wounded.
Your transformation is almost over.
You feel very sick.
The scorpion stings you but does no damage.
The scorpion misses you.
You are too injured to fight recklessly!
You hit the scorpion but do no damage.
The scorpion is moderately wounded.
You feel very sick. The scorpion stings you!
* * * LOW HITPOINT WARNING * * *
Aiming: Spit Poison (1% risk of failure)
Press: ? - help, Shift-Dir - straight line, f - scorpion
Aim: a scorpion (moderately wounded, 59% to hit)
The splash of poison misses the scorpion.
* * * LOW HITPOINT WARNING * * *
You feel very sick. The scorpion stings you!
* * * LOW HITPOINT WARNING * * *
It was a potion of haste.
You feel yourself speed up.
y - a potion of haste
* * * LOW HITPOINT WARNING * * *
You feel very sick. The scorpion closely misses you.
You are confused.
You feel invigorated.
* * * LOW HITPOINT WARNING * * *
You feel sick. The scorpion barely misses you.
* * * LOW HITPOINT WARNING * * *
You feel sick. The scorpion closely misses you.
* * * LOW HITPOINT WARNING * * *
You feel sick. The scorpion stings you.
You die...

### ..# #.# #.# #.#
#s# ### #######@#
##.## #....##.#
#.#.# #.##.##.#
.#..######.##.##.#
#.............##.#
.....#.....#####.#
........########.#
........##.......#
........##.########


You could see a scorpion.

Vanquished Creatures
  Terence (D:2)
  A gnoll (D:1)
  4 adders
  A worm (D:2)
  5 orcs (D:3)
  6 ball pythons
  3 endoplasms
  3 goblins
  5 hobgoblins
  8 jackals
  4 kobolds
  2 quokkas
  7 bats
  4 frilled lizards
  A rat (D:2)
55 creatures vanquished.

Notes
Turn   | Place    | Note
-------+----------+-------------------------------------------
     0 | D:1      | buhh the Naga Transmuter began the quest for the Orb.
     0 | D:1      | Reached XP level 1. HP: 18/18 MP: 3/3
   454 | D:1      | Reached XP level 2. HP: 22/25 MP: 3/5
   703 | D:1      | Reached XP level 3. HP: 18/32 MP: 4/6
  1861 | D:2      | Reached XP level 4. HP: 32/40 MP: 5/7
  1995 | D:2      | Noticed Terence
  2018 | D:2      | Reached skill level 4 in Unarmed Combat
  2023 | D:2      | Killed Terence
  2722 | D:2      | Identified the +0 ring mail "Tozeor" {rF+}
  2944 | D:3      | Found Siqaicso's General Store.
  3072 | D:3      | Found a white marble altar of Elyvilon.
  3125 | D:3      | Reached XP level 5. HP: 44/49 MP: 8/8
  3370 | D:3      | Learned a level 2 spell: Wereblood
  3601 | D:3      | HP: 1/49 [poisoned by a scorpion]
  3604 | D:3      | Slain by a scorpion

Illustrated notes

Levels and vault maps discovered:
D:1:      mushboom_english_gardens, layout_basic, minmay_pentomino_s2
D:2:      layout_loops_corners, uniq_terence
D:3:      wad_pebble_path, layout_basic, kennysheep_ying_yang, serial_shops,
          nicolae_shop_statue_plus, minmay_surrounded

Skill      XL: |  1  2  3  4 |
---------------+-------------+-----
Fighting       | 2 3 |  3.4
Unarmed Combat | 4 |  4.4
Dodging        | |  1.5
Spellcasting   | |  2.0
Transmutations | |  2.0
Poison Magic   | |  0.5

Action                   |  1- 3 |  4- 6 || total
-------------------------+-------+-------++-------
Melee: Unarmed           |    87 |    71 ||   158
       Headbutt          |    13 |     9 ||    22
       Punch             |     1 |     3 ||     4
 Cast: Beastly Appendage |    27 |    19 ||    46
 Abil: Spit Poison       |    12 |    10 ||    22
  Use: Potion            |     1 |     2 ||     3
       Scroll            |       |     5 ||     5
Armor: Robe              |    27 |    26 ||    53
Dodge: Dodged            |    55 |    39 ||    94

Table legend: (Time is in decaauts)
 A = Elapsed time spent in this place.
 B = Non-inter-level travel time spent in this place.
 C = Inter-level travel time spent in this place.
 D = Time resting spent in this place.
 E = Time spent auto-exploring this place.
 F = Levels seen in this place.
 G = Mean time per level.
                   A        B        C        D        E       F      G
               +--------+--------+--------+--------+--------+-----+--------+
         Total |   4371 |   4298 |     73 |      0 |   3795 |   3 | 1457.0 |
       Dungeon |   4371 |   4298 |     73 |      0 |   3795 |   3 | 1457.0 |
               +--------+--------+--------+--------+--------+-----+--------+

Top non-repeatable levels by time:
     D:1: 1755 daAuts
     D:2: 1639 daAuts
     D:3: 976 daAuts
